PAAA
TEXAS BRONZE SOX @ ALASKAN HUMPBACKS
07/03/2037
 
TOP OF THE 1ST
Texas Bronze Sox batting - Pitching for Alaskan Humpbacks : RHP César Soto
Pitching: RHP César Soto
Batting: RHB Víctor Cuevas 0-0: Called Strike
0-1: Ball
1-1: Ground out 6-3 (Groundball, 56, EV 85.6 MPH)
Batting: LHB Jayden Laming 0-0: Called Strike
0-1: Called Strike
0-2: Ball
1-2: Ball
2-2: Foul Ball, location: 2F
2-2: Ball
3-2: Foul Ball, location: 2F
3-2: Base on Balls
Batting: RHB Cristo Cuervo 0-0: Called Strike
0-1: SINGLE (Line Drive, 7S, EV 92.5 MPH)
Jayden Laming to second
Batting: LHB Juan Jose Hernández 0-0: Swinging Strike
0-1: Ball
1-1: Ball
2-1: Ball
3-1: Foul Ball, location: 2F
3-2: Fly out, F5 (Popup, 5S, EV 75.6 MPH)
Batting: RHB Jeff Reed 0-0: Ball
1-0: Called Strike
1-1: Foul Ball, location: 2F
1-2: Ball
2-2: Fly out, F7 (Flyball, 7LS, EV 76.2 MPH)
Top of the 1st over - 0 runs, 1 hit, 0 errors, 2 left on base; Texas 0 - Alaskan 0
BOTTOM OF THE 1ST
Alaskan Humpbacks batting - Pitching for Texas Bronze Sox : LHP Tony Torres
Pitching: LHP Tony Torres
Batting: LHB Philip Visscher 0-0: Called Strike
0-1: Foul Ball, location: 2F
0-2: Ball
1-2: SINGLE (Groundball, 4MD, EV 100.0 MPH)
Batting: RHB Wally Briggs 0-0: Ball
1-0: SINGLE (Line Drive, 8RS, EV 100.0 MPH)
Philip Visscher to second
Batting: LHB Roberts Hamhock 0-0: Ball
1-0: Called Strike
1-1: Foul Ball, location: 2F
1-2: Foul Ball, location: 2F
1-2: Foul Ball, location: 2F
1-2: Ball
2-2: Foul Ball, location: 2F
2-2: Fly out, F8 (Flyball, 8LM, EV 85.0 MPH)
Batting: RHB Jon Moon 0-0: Foul Ball, location: 2F
0-1: Fly out, F7 (Line Drive, 7, EV 91.9 MPH)
Batting: RHB Gil Andersen 0-0: Ball
1-0: Ball
2-0: Fly out, F9 (Flyball, 9LDF, EV 102.5 MPH)
Bottom of the 1st over - 0 runs, 2 hits, 0 errors, 2 left on base; Texas 0 - Alaskan 0
TOP OF THE 2ND
Texas Bronze Sox batting - Pitching for Alaskan Humpbacks : RHP César Soto
Batting: RHB Mitsuhide Bando 0-0: Swinging Strike
0-1: Ball
1-1: Swinging Strike
1-2: Ball
2-2: Foul Ball, location: 2F
2-2: Foul Ball, location: 2F
2-2: Strikes out swinging, 2-3 out at first.
Batting: SHB Barney Heise 0-0: Ball
1-0: Fly out, F7 (Flyball, 78S, EV 76.2 MPH)
Batting: RHB Riley Walker 0-0: Called Strike
0-1: Ground out 4-3 (Groundball, 4S, EV 89.4 MPH)
Top of the 2nd over - 0 runs, 0 hits, 0 errors, 0 left on base; Texas 0 - Alaskan 0
BOTTOM OF THE 2ND
Alaskan Humpbacks batting - Pitching for Texas Bronze Sox : LHP Tony Torres
Batting: LHB Augusto Reyes 0-0: Fly out, F4 (Popup, 4M, EV 54.4 MPH)
Batting: LHB Dallas Ihde 0-0: Ball
1-0: Ball
2-0: Ball
3-0: Called Strike
3-1: Foul Ball, location: 2F
3-2: Base on Balls
Batting: RHB Kyuso Kouno 0-0: Ball
1-0: Ball
Dallas Ihde is caught stealing 2nd base 2-4
2-0: Ground out 6-3 (Groundball, 6M, EV 90.0 MPH)
Bottom of the 2nd over - 0 runs, 0 hits, 0 errors, 0 left on base; Texas 0 - Alaskan 0
TOP OF THE 3RD
Texas Bronze Sox batting - Pitching for Alaskan Humpbacks : RHP César Soto
Batting: RHB Mareka Naidoo 0-0: Ball
1-0: Ball
2-0: Called Strike
2-1: Foul Ball, location: 2F
2-2: Strikes out swinging
Batting: RHB Víctor Cuevas 0-0: Called Strike
0-1: Ball
1-1: Fly out, F3 (Popup, 34, EV 61.2 MPH)
Batting: LHB Jayden Laming 0-0: Ball
1-0: Called Strike
1-1: Ball
2-1: Foul Ball, location: 2F
2-2: Ball
3-2: Foul Ball, location: 2F
3-2: Strikes out looking
Top of the 3rd over - 0 runs, 0 hits, 0 errors, 0 left on base; Texas 0 - Alaskan 0
BOTTOM OF THE 3RD
Alaskan Humpbacks batting - Pitching for Texas Bronze Sox : LHP Tony Torres
Batting: RHB Luke Thornton 0-0: Ball
1-0: Foul Ball, location: 2F
1-1: Ball
2-1: SINGLE (Line Drive, 6M, EV 97.5 MPH)
Batting: LHB Philip Visscher 0-0: Foul Ball, location: 2F
0-1: Foul Ball, location: 2F
0-2: Foul Ball, location: 2F
0-2: Grounds into double play, 1-6-3 (Groundball, 13S, EV 63.8 MPH)
Batting: RHB Wally Briggs 0-0: Ball
1-0: Ball
2-0: SINGLE (Groundball, 34S, EV 81.2 MPH) (infield hit)
Batting: LHB Roberts Hamhock 0-0: Called Strike
Balk!
Wally Briggs to second
0-1: Ball
1-1: Called Strike
1-2: Strikes out swinging
Bottom of the 3rd over - 0 runs, 2 hits, 0 errors, 1 left on base; Texas 0 - Alaskan 0
TOP OF THE 4TH
Texas Bronze Sox batting - Pitching for Alaskan Humpbacks : RHP César Soto
Batting: RHB Cristo Cuervo 0-0: Fly out, F9 (Flyball, 9S, EV 75.6 MPH)
Batting: LHB Juan Jose Hernández 0-0: Fly out, F7 (Line Drive, 7, EV 86.9 MPH)
Batting: RHB Jeff Reed 0-0: Ball
1-0: Called Strike
1-1: Ball
2-1: SINGLE (Line Drive, 8RS, EV 105.6 MPH)
Batting: RHB Mitsuhide Bando Pickoff Throw to First - Error! E1
Jeff Reed to second
0-0: Ball
1-0: Called Strike
1-1: SINGLE (Flyball, 9LS, EV 95.0 MPH)
Jeff Reed to third
Runner from 3rd tries for Home, SAFE, no throw by RF
Batting: SHB Barney Heise 0-0: Foul Ball, location: 2F
0-1: Ball
1-1: Ball
2-1: Foul Ball, location: 2F
2-2: Ball
3-2: Fly out, F8 (Flyball, 8LM, EV 91.2 MPH)
Top of the 4th over - 1 run, 2 hits, 1 error, 1 left on base; Texas 1 - Alaskan 0
BOTTOM OF THE 4TH
Alaskan Humpbacks batting - Pitching for Texas Bronze Sox : LHP Tony Torres
Batting: RHB Jon Moon 0-0: Ball
1-0: Fly out, F9 (Line Drive, 9, EV 86.9 MPH)
Batting: RHB Gil Andersen 0-0: Called Strike
0-1: Ball
1-1: Ball
2-1: Ball
3-1: Base on Balls
Batting: LHB Augusto Reyes 0-0: Ball
1-0: Ball
2-0: Fly out, F9 (Flyball, 9S, EV 88.1 MPH)
Batting: LHB Dallas Ihde 0-0: SINGLE (Flyball, 7LS, EV 95.0 MPH)
Gil Andersen to second
Batting: RHB Kyuso Kouno 0-0: Ball
1-0: Ball
2-0: Foul Ball, location: 2F
2-1: Ball
3-1: Called Strike
3-2: Base on Balls
Gil Andersen to third
Dallas Ihde to second
Batting: RHB Luke Thornton 0-0: Ball
1-0: Called Strike
1-1: Fly out, F8 (Flyball, 8RD, EV 90.0 MPH)
Bottom of the 4th over - 0 runs, 1 hit, 0 errors, 3 left on base; Texas 1 - Alaskan 0
TOP OF THE 5TH
Texas Bronze Sox batting - Pitching for Alaskan Humpbacks : RHP César Soto
Batting: RHB Riley Walker 0-0: Ground out U3 (Groundball, 34, EV 104.4 MPH)
Batting: RHB Mareka Naidoo 0-0: Called Strike
0-1: Called Strike
0-2: SINGLE (Line Drive, 7LM, EV 106.9 MPH)
Batting: RHB Víctor Cuevas 0-0: Called Strike
0-1: Ball
1-1: Ball
2-1: Foul Ball, location: 2F
2-2: Ball
3-2: Strikes out swinging
Batting: LHB Jayden Laming 0-0: Ball
Wild Pitch!
Mareka Naidoo to second
1-0: Ball
2-0: Ball
3-0: Base on Balls
Batting: RHB Cristo Cuervo 0-0: Called Strike
0-1: Ball
1-1: Swinging Strike
1-2: Foul Ball, location: 2F
1-2: Strikes out swinging
Top of the 5th over - 0 runs, 1 hit, 0 errors, 2 left on base; Texas 1 - Alaskan 0
BOTTOM OF THE 5TH
Alaskan Humpbacks batting - Pitching for Texas Bronze Sox : LHP Tony Torres
Batting: LHB Philip Visscher 0-0: Fly out, F9 (Flyball, 9S, EV 86.2 MPH)
Batting: RHB Wally Briggs 0-0: Foul Ball, location: 2F
0-1: Foul Ball, location: 2F
0-2: Strikes out swinging
Batting: LHB Roberts Hamhock 0-0: Ball
1-0: Ball
2-0: Foul Ball, location: 2F
2-1: Foul Ball, location: 2F
2-2: Fly out, F9 (Flyball, 9LS, EV 80.6 MPH)
Bottom of the 5th over - 0 runs, 0 hits, 0 errors, 0 left on base; Texas 1 - Alaskan 0
TOP OF THE 6TH
Texas Bronze Sox batting - Pitching for Alaskan Humpbacks : RHP César Soto
Batting: LHB Juan Jose Hernández 0-0: Ball
1-0: Fly out, F5 (Popup, 5SF, EV 76.2 MPH)
Pitching: RHP Kenny Kawaguchi
Batting: RHB Jeff Reed 0-0: Swinging Strike
0-1: Swinging Strike
0-2: Ball
1-2: Strikes out swinging
Batting: RHB Mitsuhide Bando 0-0: Foul Ball, location: 2F
0-1: Fly out, F8 (Flyball, 8LXD, EV 99.4 MPH)
Top of the 6th over - 0 runs, 0 hits, 0 errors, 0 left on base; Texas 1 - Alaskan 0
BOTTOM OF THE 6TH
Alaskan Humpbacks batting - Pitching for Texas Bronze Sox : LHP Tony Torres
Batting: RHB Jon Moon 0-0: Called Strike
0-1: Ball
1-1: Foul Ball, location: 2F
1-2: Foul Ball, location: 2F
1-2: Ball
2-2: Foul Ball, location: 2F
2-2: Ball
3-2: Fly out, F8 (Flyball, 78XD, EV 90.6 MPH)
Batting: RHB Gil Andersen 0-0: Ball
1-0: Ball
2-0: Foul Ball, location: 2F
2-1: Ball
3-1: Called Strike
3-2: SINGLE (Flyball, 7S, EV 93.8 MPH)
Batting: LHB Augusto Reyes 0-0: DOUBLE (Groundball, 3D, EV 108.1 MPH)
Gil Andersen to third
Runner from 3rd tries for Home, SAFE, throw by RF to trailing runner, OUT at third! 9-4-5
Batting: LHB Dallas Ihde 0-0: Ball
1-0: Called Strike
1-1: Ball
2-1: SINGLE (Line Drive, 6M, EV 106.9 MPH)
Batting: RHB Kyuso Kouno 0-0: Called Strike
0-1: Ball
1-1: Fielders Choice at 2nd, U6 (Groundball, 6M, EV 91.9 MPH)
Bottom of the 6th over - 1 run, 3 hits, 0 errors, 1 left on base; Texas 1 - Alaskan 1
TOP OF THE 7TH
Texas Bronze Sox batting - Pitching for Alaskan Humpbacks : RHP Kenny Kawaguchi
Batting: SHB Barney Heise 0-0: Ball
1-0: Ball
2-0: Called Strike
2-1: Ball
3-1: Foul Ball, location: 2F
3-2: Base on Balls
Batting: RHB Riley Walker 0-0: Ball
1-0: Bunted foul
1-1: Bunted foul
1-2: Ball
2-2: Ball
3-2: Foul Ball, location: 2F
3-2: Base on Balls
Barney Heise to second
Pinch Runner at 2nd Takahiro Suzuki:
Batting: RHB Mareka Naidoo 0-0: Ball
Takahiro Suzuki steals 3rd base
Riley Walker to second
1-0: Ball
2-0: Foul Ball, location: 2F
2-1: Foul Ball, location: 2F
2-2: Foul Ball, location: 2F
2-2: Strikes out swinging
Batting: RHB Víctor Cuevas 0-0: TRIPLE (Line Drive, 89XD, EV 101.2 MPH)
Takahiro Suzuki scores
Riley Walker scores
Batting: LHB Jayden Laming 0-0: Ball
1-0: SINGLE (Groundball, 4, EV 101.9 MPH) (infield hit)
Víctor Cuevas scores
Pitching: LHP Min-chin Kim
Batting: RHB Cristo Cuervo 0-0: Ball
1-0: Foul Ball, location: 2F
1-1: Foul Ball, location: 2F
1-2: Ball
2-2: Strikes out swinging
Batting: LHB Juan Jose Hernández 0-0: Called Strike
0-1: Ball
1-1: Fly out, F7 (Flyball, 7LM, EV 91.9 MPH)
Top of the 7th over - 3 runs, 2 hits, 0 errors, 1 left on base; Texas 4 - Alaskan 1
BOTTOM OF THE 7TH
Alaskan Humpbacks batting - Pitching for Texas Bronze Sox : LHP Tony Torres
Now at 2B: Takahiro Suzuki
Batting: RHB Luke Thornton 0-0: Ball
1-0: Ball
2-0: Fly out, F9 (Flyball, 9, EV 83.8 MPH)
Batting: LHB Philip Visscher 0-0: Called Strike
0-1: Ball
1-1: Swinging Strike
1-2: SOLO HOME RUN (Flyball, 9D, EV 95.0 MPH), Distance : 375 ft
Batting: RHB Wally Briggs 0-0: Ball
1-0: Fly out, F9 (Flyball, 9S, EV 93.8 MPH)
Batting: LHB Roberts Hamhock 0-0: Called Strike
0-1: Ball
1-1: Swinging Strike
1-2: Ball
2-2: Strikes out swinging
Bottom of the 7th over - 1 run, 1 hit, 0 errors, 0 left on base; Texas 4 - Alaskan 2
TOP OF THE 8TH
Texas Bronze Sox batting - Pitching for Alaskan Humpbacks : LHP Min-chin Kim
Batting: RHB Jeff Reed 0-0: Ground out 6-3 (Groundball, 6D, EV 85.0 MPH)
Batting: RHB Mitsuhide Bando 0-0: Called Strike
0-1: Foul Ball, location: 2F
0-2: Ball
1-2: Foul Ball, location: 2F
1-2: Ball
2-2: Ball
3-2: Foul Ball, location: 2F
3-2: Foul Ball, location: 2F
3-2: Foul Ball, location: 2F
3-2: Strikes out looking
Batting: LHB Takahiro Suzuki 0-0: Foul Ball, location: 2F
0-1: Swinging Strike
0-2: Foul Ball, location: 2F
0-2: Foul Ball, location: 2F
0-2: Foul Ball, location: 2F
0-2: Foul Ball, location: 2F
0-2: Strikes out swinging
Top of the 8th over - 0 runs, 0 hits, 0 errors, 0 left on base; Texas 4 - Alaskan 2
BOTTOM OF THE 8TH
Alaskan Humpbacks batting - Pitching for Texas Bronze Sox : LHP Tony Torres
Pitching: RHP Joel Plowden
Batting: RHB Jon Moon 0-0: Called Strike
0-1: Called Strike
0-2: Foul Ball, location: 2F
0-2: Foul Ball, location: 2F
0-2: Fly out, F8 (Flyball, 8LD, EV 84.4 MPH)
Batting: RHB Gil Andersen 0-0: Hit by Pitch
Batting: LHB Augusto Reyes 0-0: Ball
1-0: Ball
2-0: Ball
3-0: Called Strike
3-1: Fielders Choice at 2nd, 1-6 (Groundball, 23, EV 90.0 MPH)
Batting: LHB Dallas Ihde 0-0: Ground out 1-3 (Groundball, 13S, EV 69.4 MPH)
Bottom of the 8th over - 0 runs, 0 hits, 0 errors, 1 left on base; Texas 4 - Alaskan 2
TOP OF THE 9TH
Texas Bronze Sox batting - Pitching for Alaskan Humpbacks : LHP Min-chin Kim
Batting: RHB Riley Walker 0-0: Ball
1-0: Ball
2-0: Ball
3-0: Called Strike
3-1: Called Strike
3-2: Strikes out swinging
Batting: RHB Mareka Naidoo 0-0: Foul Ball, location: 2F
0-1: Ball
1-1: Swinging Strike
1-2: Strikes out looking
Batting: RHB Víctor Cuevas 0-0: Ball
1-0: SINGLE (Line Drive, 56D, EV 106.9 MPH)
Batting: LHB Jayden Laming 0-0: Ball
1-0: Called Strike
1-1: Ball
2-1: Foul Ball, location: 2F
2-2: Ball
Víctor Cuevas is caught stealing 2nd base 2-6
Top of the 9th over - 0 runs, 1 hit, 0 errors, 0 left on base; Texas 4 - Alaskan 2
BOTTOM OF THE 9TH
Alaskan Humpbacks batting - Pitching for Texas Bronze Sox : RHP Joel Plowden
Pitching: RHP Kliment Spirk
Batting: RHB Kyuso Kouno 0-0: Ball
1-0: Swinging Strike
1-1: Foul Ball, location: 2F
1-2: Strikes out swinging
Batting: RHB Luke Thornton 0-0: Ball
1-0: Called Strike
1-1: Ball
2-1: Ball
3-1: Swinging Strike
3-2: SOLO HOME RUN (Flyball, 7D, EV 95.6 MPH), Distance : 383 ft
Batting: LHB Philip Visscher 0-0: Swinging Strike
0-1: Swinging Strike
0-2: Foul Ball, location: 2F
0-2: Ball
1-2: Foul Ball, location: 2F
1-2: Ball
2-2: Fly out, F9 (Flyball, 9S, EV 86.9 MPH)
Batting: RHB Wally Briggs 0-0: Swinging Strike
0-1: Foul Ball, location: 2F
0-2: Foul Ball, location: 2F
0-2: Ball
1-2: Foul Ball, location: 2F
1-2: Fly out, F8 (Line Drive, 8RM, EV 90.0 MPH)
Bottom of the 9th over - 1 run, 1 hit, 0 errors, 0 left on base; Texas 4 - Alaskan 3
Thursday, January 23rd, 2020 - OOTP Baseball 20.8 Build 74